 Dungeon Crawl Stone Soup version 0.27.1 (webtiles) character file.

Game seed: 12916137296013724051

322 ZARRMARR the Chiller (level 6, 0/41 HPs)
             Began as a Merfolk Ice Elementalist on Aug 28, 2021.
             Was an Initiate of Ru.
             Slain by Munclebunn's ghost (3 damage)
             ... on level 3 of the Dungeon.
             The game lasted 00:15:44 (3548 turns).

ZARRMARR the Chiller (Merfolk Ice Elementalist)     Turns: 3548, Time: 00:15:44

Health: 0/41       AC:  2    Str:  9    XL:     6   Next: 47%
Magic:  12/12      EV: 13    Int: 16    God:    Ru [......]
Gold:   60         SH:  0    Dex: 14    Spells: 12/13 levels left

rFire    . . .     SeeInvis .   k - +0 trident (flame)
rCold    . . .     Faith    .   (no shield)
rNeg     . . .     Spirit   .   a - +0 robe
rPois    .         Reflect  .   (no helmet)
rElec    .         Harm     .   (no cloak)
rCorr    .         Rampage  .   (no gloves)
Will     .....                  (no boots)
Stlth    ++........             (no amulet)
HPRegen  0.13/turn              (no ring)
MPRegen  0.13/turn              (no ring)

@: mighty
A: (nimble swimmer 2), mertail
a: Renounce Religion


You were on level 3 of the Dungeon.
You worshipped Ru.
Ru was noncommittal.
You visited 1 branch of the dungeon, and saw 4 of its levels.

You collected 60 gold pieces.

Inventory:

Hand Weapons
 k - a +0 trident of flaming (weapon)
Missiles
 b - 126 stones (quivered)
 j - 9 boomerangs of dispersal
Armour
 a - a +0 robe (worn)
Scrolls
 f - a scroll of amnesia {unknown}
 l - a scroll of magic mapping {unknown}
Potions
 e - 3 potions of curing
 g - a potion of cancellation {unknown}
 h - a potion of heal wounds {unknown}
 i - a potion of mutation {unknown}


   Skills:
 + Level 3.5 Dodging
 - Level 2.1 Stealth
 + Level 4.1 Spellcasting
 + Level 6.6 Ice Magic


You had 12 spell levels left.
You knew the following spells:

 Your Spells              Type           Power      Damage    Failure   Level
a - Freeze                Ice            96%        1d11      1%          1

Your spell library contained the following spells:

 Spells                   Type           Power      Damage    Failure   Level
 Frozen Ramparts          Ice            48%        1d6       3%          3
 Ozocubu's Armour         Ice            24%        N/A       3%          3
 Foxfire                  Conj/Fire      12%        2x1d4     17%         1
 Hailstorm                Conj/Ice       14%        3d5       38%         4
 Conjure Flame            Conj/Fire      3%         6-21      45%         3
 Inner Flame              Hex/Fire       3%         N/A       45%         3
 Ozocubu's Refrigeration  Ice            12%        4d7       100%        7


Dungeon Overview and Level Annotations

Branches:
Dungeon (4/15)
 Temple: D:4-7

Altars:
Kikubaaqudgha
Ru
Trog

Annotations:
D:3 Munclebunn's ghost, amateur DrTm


Innate Abilities, Weirdness & Mutations

((You are quick and stealthy near water. (Stealth+, EV+, Speed+++)))
Your lower body shifts to a powerful aquatic tail in water.


Message History

Munclebunn's ghost hits you but does no damage. x2
You closely miss Munclebunn's ghost.
Munclebunn's ghost is moderately damaged.
Munclebunn's ghost hits you but does no damage.
You hit Munclebunn's ghost but do no damage.
Munclebunn's ghost is moderately damaged.
Munclebunn's ghost hits you.
You hit Munclebunn's ghost. You burn Munclebunn's ghost.
Munclebunn's ghost is heavily damaged.
Munclebunn's ghost hits you but does no damage. x2
You hit Munclebunn's ghost but do no damage.
Munclebunn's ghost is heavily damaged.
Munclebunn's ghost hits you but does no damage.
You hit Munclebunn's ghost. You burn Munclebunn's ghost.
Munclebunn's ghost is heavily damaged.
You feel less wooden.
Your +0 robe unmelds from your body.
Munclebunn's ghost hits you.
It was a potion of might.
You feel very mighty all of a sudden. Munclebunn's ghost hits you!
You puncture Munclebunn's ghost! You burn Munclebunn's ghost.
Munclebunn's ghost is almost destroyed.
Munclebunn's ghost hits you. x2
* * * LOW HITPOINT WARNING * * *
You closely miss Munclebunn's ghost.
Munclebunn's ghost is almost destroyed.
Munclebunn's ghost hits you.
* * * LOW HITPOINT WARNING * * *
You closely miss Munclebunn's ghost.
Munclebunn's ghost is almost destroyed.
Munclebunn's ghost hits you.
* * * LOW HITPOINT WARNING * * *
You barely miss Munclebunn's ghost.
Munclebunn's ghost is almost destroyed.
Munclebunn's ghost hits you.
* * * LOW HITPOINT WARNING * * *
You barely miss Munclebunn's ghost.
Munclebunn's ghost is almost destroyed.
Munclebunn's ghost hits you.
You die...

.#.............###
#.####
.#.####..#.......#
#.....
##.####..........#
######
##.##.......#....#
##.##.#..#.###...#
...##.#).#..#....#
##...............##
##......##........##
##......####...#@..#
##......###....##W##
##.....>##.....#§§§#
...########....#§§§#
..## ##...# #.######
##.## .......# #.#
#.####.# #.# #.#
#.######.#


You could see Munclebunn's ghost.

Vanquished Creatures
  2 ogres
  A jelly (D:3)
  An iguana (D:3)
  An orc wizard (D:3)
  3 adders
  An ufetubus (D:4)
  A worm (D:2)
  2 dart slugs (D:1)
  8 orcs (D:3)
  3 ball pythons
  3 endoplasms (D:2)
  A giant cockroach (D:3)
  3 hobgoblins
  3 jackals (D:1)
  6 kobolds
  3 quokkas
  4 bats
  3 goblins
  4 rats
53 creatures vanquished.

Notes
Turn   | Place    | Note
-------+----------+-------------------------------------------
     0 | D:1      | ZARRMARR the Merfolk Ice Elementalist began the quest for
                  | the Orb.
     0 | D:1      | Reached XP level 1. HP: 13/13 MP: 3/3
   350 | D:1      | Reached XP level 2. HP: 14/19 MP: 0/5
   725 | D:1      | Found a faded altar of an unknown god.
   962 | D:2      | You fall into a shaft and drop 2 floors!
   986 | D:4      | Noticed an ogre
  1033 | D:4      | Killed an ogre
  1034 | D:4      | Reached skill level 5 in Ice Magic
  1034 | D:4      | Reached XP level 3. HP: 24/24 MP: 0/7
  1034 | D:4      | Reached XP level 4. HP: 30/30 MP: 0/8
  1131 | D:4      | Noticed a phantom
  1322 | D:2      | Reached XP level 5. HP: 35/35 MP: 6/9
  1484 | D:2      | Found a bloodstained altar of Trog.
  1834 | D:2      | Reached skill level 6 in Ice Magic
  2217 | D:3      | Found a runed translucent door.
  2219 | D:3      | Noticed Munclebunn's ghost (amateur DrTm)
  2820 | D:3      | Noticed an ogre
  2839 | D:3      | Killed an ogre
  2840 | D:3      | Reached XP level 6. HP: 11/41 MP: 8/11
  3380 | D:3      | Found a sacrificial altar of Ru.
  3393 | D:3      | Became a worshipper of Ru the Awakened
  3466 | D:3      | Found an ancient bone altar of Kikubaaqudgha.
  3548 | D:3      | Slain by Munclebunn's ghost

Illustrated notes

Levels and vault maps discovered:
D:1:      roderic_dead_forest, layout_basic, chequers_ecumenical_altar_grove
D:2:      layout_basic, basic_altar
D:3:      layout_loops_cross, mainiacjoe_overflow_alcove_2,
          lemuel_crystal_altar, ebering_ghost_inner_flame
D:4:      layout_loops_corners

Skill      XL: |  1  2  3  4  5  6 |
---------------+-------------------+-----
Dodging        | 3 |  3.5
Spellcasting   | 3 4 |  4.1
Ice Magic      | 5 6 |  6.6
Stealth        | |  2.1

Action                   |  1- 3 |  4- 6 || total
-------------------------+-------+-------++-------
Melee: Unarmed           |     8 |       ||     8
       Spear             |     4 |    19 ||    23
       Trident           |       |    32 ||    32
Throw: Stone             |    14 |    84 ||    98
 Cast: Freeze            |    22 |    66 ||    88
  Use: Scroll            |     1 |     2 ||     3
       Potion            |       |     2 ||     2
 Stab: Sleeping          |       |     3 ||     3
       Distracted        |       |     1 ||     1
Armor: Robe              |     3 |     2 ||     5
       Skin              |       |    18 ||    18
Dodge: Dodged            |    11 |    28 ||    39
